Map: Echo LE (Void)

Players

Neeb - Winner!

  • Race: Protoss Protoss
  • Spawn Location: 11:00

iaguz

  • Race: Terran Terran
  • Spawn Location: 5:00

Event: NationWars IV

VOD

Have the link to the VOD?

Description

Time

  • Played on: Dec. 23, 2016, 12:32 p.m.
  • Length: 12:21
Show
View Real Time Build Order
Export as new Build Order

Neeb Protoss - Winner!

Build Orders: 1 Gate Expand, Oracle Opening 

Get SALT Encoding   

  12  0:00  Probe (Chrono Boost)  
  13  0:11  Probe (Chrono Boost)  
  14  0:18  Pylon  
  14  0:22  Probe (Chrono Boost)  
  15  0:36  Probe (Chrono Boost)  
  15  0:37  Gateway  
  16  0:46  Probe (Chrono Boost)  
  16  0:48  Assimilator  
  18  0:57  Probe (Chrono Boost)  
  18  1:07  Probe (Chrono Boost)  
  19  1:18  Nexus  
  19  1:21  Probe (Chrono Boost)  
  20  1:31  Cybernetics Core  
  20  1:34  Probe (Chrono Boost)  
  21  1:40  Assimilator  
  21  1:44  Probe (Chrono Boost)  
  22  1:48  Pylon  
  22  1:55  Probe (Chrono Boost)  
  23  2:03  Adept  
  26  2:08  Probe (Chrono Boost)  
  26  2:20  Stargate, Probe (Chrono Boost)  
  27  2:32  Adept, Probe x2 (Chrono Boost)  
  27  2:36  Warp Gate  
  31  2:42  Probe (Chrono Boost)  
  31  2:43  Probe (Chrono Boost)  
  33  2:53  Probe (Chrono Boost)  
  33  2:54  Probe (Chrono Boost)  
  33  2:56  Adept  
  35  3:02  Oracle  
  35  3:04  Probe (Chrono Boost)  
  39  3:06  Probe (Chrono Boost)  
  42  3:16  Probe (Chrono Boost)  
  42  3:18  Probe (Chrono Boost)  
  45  3:27  Gateway  
  45  3:28  Probe (Chrono Boost)  
  45  3:29  Probe (Chrono Boost), Gateway  
  45  3:32  Pylon  
  46  3:39  Pylon  
  46  3:43  Pylon  
  46  3:45  Oracle  
  46  3:48  Assimilator  
  46  3:52  Probe (Chrono Boost)  
  46  3:53  Mothership Core (Chrono Boost)  
  53  4:04  Probe (Chrono Boost)  
  50  4:11  Nexus  
  50  4:12  Probe (Chrono Boost)  
  50  4:16  Probe (Chrono Boost), Void Ray, Pylon  
  52  4:22  Probe (Chrono Boost)  
  57  4:28  Probe (Chrono Boost)  
  58  4:33  Probe (Chrono Boost)  
  58  4:35  Pylon  
  59  4:40  Adept x2, Probe (Chrono Boost)  
  59  4:42  Stalker  
  59  4:44  Probe (Chrono Boost)  
  67  4:52  Assimilator  
  68  4:53  Probe (Chrono Boost)  
  68  4:55  Robotics Facility  
  68  4:56  Probe (Chrono Boost)  
  69  5:03  Stalker  
  69  5:05  Probe (Chrono Boost), Stalker  
  74  5:10  Probe (Chrono Boost)  
  75  5:17  Probe (Chrono Boost)  
  75  5:21  Probe (Chrono Boost)  
  77  5:24  Void Ray  
  79  5:28  Probe (Chrono Boost)  
  79  5:29  Probe (Chrono Boost)  
  79  5:31  Probe (Chrono Boost), Sentry  
  86  5:39  Probe (Chrono Boost), Pylon  
  86  5:41  Probe (Chrono Boost)  
  86  5:42  Probe (Chrono Boost), Assimilator  
  89  5:44  Assimilator  
  89  5:49  Probe (Chrono Boost)  
  90  5:53  Probe (Chrono Boost)  
  90  5:54  Probe (Chrono Boost)  
  92  5:58  Observer  
  92  6:00  Probe (Chrono Boost), Robotics Bay  
  92  6:03  Probe (Chrono Boost)  
  96  6:06  Probe (Chrono Boost)  
  96  6:10  Probe (Chrono Boost), Pylon  
  97  6:14  Probe (Chrono Boost)  
  97  6:15  Twilight Council, Pylon  
  97  6:17  Observer  
  97  6:18  Probe (Chrono Boost)  
  99  6:21  Probe (Chrono Boost), Sentry  
  99  6:22  Pylon  
  99  6:24  Probe (Chrono Boost)  
  104  6:35  Observer  
  104  6:39  Stalker x2  
  109  6:43  Extended Thermal Lance, Gateway  
  109  6:45  Blink  
  109  6:46  Pylon  
  109  6:47  Gateway  
  109  6:48  Pylon  
  109  6:49  Colossus  
  115  7:08  Gateway  
  115  7:12  Forge  
  115  7:14  Forge  
  115  7:18  Gateway  
  115  7:20  Gateway  
  115  7:22  Pylon, Stalker x3  
  121  7:33  Protoss Ground Weapons Level 1, Protoss Ground Armor Level 1  
  121  7:41  Colossus  
  121  7:43  Probe x3 (Chrono Boost)  
  130  7:45  Nexus  
  130  7:47  Pylon  
  130  7:54  Stalker x2  
  130  7:55  Stalker x2  
  138  8:02  Pylon  
  138  8:07  Zealot x2  
  138  8:08  Pylon  
  142  8:16  Pylon  
  142  8:17  Pylon  
  142  8:21  Pylon  
  141  8:33  Charge, Zealot x5, Pylon, Gateway  
  151  8:34  Gateway  
  151  8:36  Gateway  
  151  8:39  Gateway  
  151  8:40  Colossus  
  157  8:48  Zealot x2  
  161  8:58  Zealot x2  
  161  8:59  Zealot x3  
  170  9:04  Probe x2 (Chrono Boost)  
  170  9:09  Assimilator  
  171  9:13  Assimilator  
  163  9:18  Protoss Ground Armor Level 2  
  163  9:23  Protoss Ground Weapons Level 2  
  145  9:27  Stalker x4  
  145  9:29  Colossus  
  132  9:32  Stalker x4  
  148  9:39  Probe x2 (Chrono Boost)  
  148  9:41  Probe (Chrono Boost)  
  148  9:45  Sentry  
  151  9:46  Stalker x2  
  155  9:57  Templar Archives  
  155  9:59  Zealot x4  
  163  10:08  Pylon  
  163  10:09  Zealot x3  
  163  10:10  Zealot  
  171  10:16  Colossus  
  159  10:45  Stalker x6  
  159  10:46  Stalker x3  
  159  10:48  Photon Cannon  
  177  10:51  Pylon  
  177  11:01  Stargate  
  177  11:03  Fleet Beacon  
  171  11:05  Stargate  
  171  11:06  Disruptor  
  166  11:16  Zealot x2  
  166  11:17  Zealot x4  
  166  11:18  High Templar x3  
  178  11:20  High Templar  
  178  11:24  Archon  
  180  11:26  Archon  
  160  11:41  Zealot x8  
  164  12:01  High Templar x4  
  175  12:09  Archon  
  175  12:10  Archon  
Show
View Real Time Build Order
Export as new Build Order

iaguz Terran 

Build Orders: Reaper Expand, MMM Bio 

Get SALT Encoding   

  12  0:00  SCV  
  13  0:13  SCV  
  14  0:17  Supply Depot  
  14  0:25  SCV  
  15  0:38  SCV  
  15  0:39  Barracks  
  16  0:43  Refinery  
  16  0:50  SCV  
  17  1:02  SCV  
  18  1:14  SCV  
  19  1:27  Orbital Command  
  19  1:28  Reaper  
  20  1:38  Command Center  
  20  1:52  SCV  
  21  1:54  Supply Depot  
  21  2:00  Marine  
  22  2:04  SCV  
  22  2:05  Factory  
  23  2:13  Refinery  
  23  2:16  SCV  
  23  2:20  Barracks Reactor  
  24  2:28  SCV  
  24  2:41  SCV  
  25  2:48  Widow Mine  
  27  2:51  Orbital Command  
  27  2:53  SCV, Engineering Bay  
  27  2:57  Marine x2  
  30  3:01  Starport  
  30  3:05  SCV  
  31  3:15  Marine x2  
  31  3:17  SCV  
  32  3:21  Widow Mine  
  32  3:24  SCV  
  35  3:30  SCV  
  35  3:33  Marine x2  
  38  3:37  SCV  
  38  3:38  Medivac  
  41  3:42  Supply Depot, SCV  
  42  3:52  Marine x2  
  42  3:54  SCV x2  
  45  4:06  SCV  
  45  4:08  SCV  
  46  4:11  Command Center, Marine  
  46  4:13  Marine  
  48  4:17  Missile Turret  
  48  4:20  SCV  
  48  4:21  SCV  
  50  4:24  Missile Turret  
  50  4:28  Supply Depot  
  50  4:30  Marine, Factory Tech Lab  
  51  4:32  Marine  
  51  4:34  SCV  
  51  4:35  SCV  
  54  4:39  Supply Depot  
  54  4:49  Marine, SCV x2, Siege Tank  
  60  4:53  Supply Depot  
  60  4:57  Starport Reactor  
  60  5:00  Barracks  
  60  5:01  SCV  
  60  5:02  Barracks  
  60  5:04  SCV  
  62  5:12  Refinery  
  62  5:14  SCV  
  61  5:16  SCV  
  61  5:19  Marine x2  
  62  5:24  Orbital Command  
  62  5:26  SCV, Siege Tank  
  66  5:30  SCV  
  67  5:38  SCV  
  68  5:44  Refinery  
  68  5:46  Barracks, Marine x2  
  68  5:47  Barracks  
  69  5:51  SCV  
  69  5:54  Barracks Tech Lab x2  
  66  6:00  SCV x2  
  66  6:03  SCV  
  69  6:05  Marine x2  
  69  6:06  Siege Tank  
  74  6:14  Marine x2  
  74  6:15  Combat Shields, Stimpack  
  74  6:17  Orbital Command, SCV x2  
  78  6:25  Terran Infantry Weapons Level 1  
  78  6:27  Marine x2  
  79  6:34  SCV x2  
  79  6:36  Barracks Tech Lab, Barracks Reactor  
  79  6:37  Marauder x2, Missile Turret  
  79  6:38  Medivac x2  
  92  6:41  Supply Depot  
  92  6:44  Supply Depot  
  89  6:49  Starport, SCV x2  
  89  6:50  SCV  
  92  6:54  Factory Reactor  
  92  6:59  Fusion Core  
  93  7:01  SCV  
  93  7:03  SCV x2  
  95  7:08  Supply Depot  
  95  7:09  Supply Depot  
  95  7:10  Supply Depot  
  95  7:11  Concussive Shells, Liberator x2  
  95  7:13  Marine x2, SCV  
  95  7:15  SCV x2  
  104  7:25  SCV  
  104  7:27  SCV x2  
  104  7:29  Liberator  
  109  7:30  Refinery  
  109  7:31  Refinery  
  109  7:37  SCV  
  109  7:39  SCV  
  109  7:43  Supply Depot x3  
  111  7:46  Marauder x3  
  111  7:49  SCV x2  
  122  7:51  SCV  
  122  7:54  Advanced Ballistics  
  122  7:56  Marine x4  
  122  7:57  Widow Mine x2  
  131  7:58  Liberator  
  131  8:01  SCV  
  131  8:02  SCV  
  133  8:07  Supply Depot  
  133  8:08  Supply Depot  
  133  8:10  Marauder x3  
  142  8:22  Liberator  
  141  8:27  Widow Mine x2  
  141  8:28  Marine x3  
  141  8:33  Supply Depot x2, Terran Infantry Armor Level 1  
  148  8:37  Liberator  
  148  8:39  Marauder x3, Marine  
  158  8:53  Marine  
  158  8:54  Marine  
  163  9:00  Marauder, Widow Mine x2  
  163  9:01  Marauder, Marine x2  
  163  9:02  Marauder  
  170  9:06  Supply Depot  
  170  9:08  Supply Depot  
  170  9:15  Liberator x2  
  152  9:19  Marine  
  152  9:20  Marine  
  152  9:21  Marauder, Marine  
  152  9:23  Marauder, Liberator  
  142  9:31  Marauder, Marine  
  135  9:32  Widow Mine x2  
  135  9:37  Marine x2  
  148  9:39  Marine  
  148  9:43  Marauder  
  148  9:44  Marine  
  155  9:50  Marine  
  156  9:53  Marauder  
  156  9:55  Marine  
  156  9:58  Marine  
  159  10:02  Marauder  
  159  10:03  Marine  
  159  10:04  Marauder  
  164  10:13  Marine x2, Widow Mine x2  
  170  10:14  Marauder  
  170  10:15  Marine  
  170  10:20  Medivac x2  
  177  10:23  Marauder  
  177  10:29  Marauder, Marine  
  177  10:31  Marine  
  177  10:32  Armory  
  91  10:42  Liberator x2  
  166  10:47  Marauder, Marine  
  169  10:56  Liberator  
  167  10:58  Marauder x2, Marine x3  
  167  10:59  Widow Mine  
  164  11:12  Marauder, Marine, Widow Mine  
  164  11:16  Marine x2  
  165  11:18  Engineering Bay  
  165  11:19  Command Center, Marine  
  165  11:20  Marauder x2  
  165  11:21  Barracks  
  165  11:22  Barracks x2  
  170  11:30  Marine  
  150  11:34  Marauder, Marine x2  
  150  11:36  Marine  
  150  11:37  Widow Mine  
  133  11:41  Marauder x2  
  133  11:43  Widow Mine  
  110  11:48  Marine  
  110  11:51  Marine  
  110  11:52  Marine  
  112  11:54  Marine  
  112  11:55  Marauder  
  119  12:02  Marine  
Tags
 
Add a new tag
Caveats
  • Supply blocks, unpowered buildings, or Contaminate may cause inaccurate times.
  • Supply counts are checked every 10 seconds.